[Event "Blixt-SM 2021"]
[Site "Elite Hotel Marina Plaza, Kungstorget 6, Helsingborg, Sweden"]
[Date "2021.11.14"]
[Round "7.7"]
[White "Troedsson, Anton"]
[Black "Nord, Alexander"]
[Result "0-1"]
[TimeControl "3 minutes + 2 seconds per move."]
[WhiteFideId "1746006"]
[BlackFideId "1738135"]
[WhiteElo "2104"]
[BlackElo "1909"]

1. Nf3 Nf6 2. b3 g6 3. Bb2 Bg7 4. g3 b6 5. Bg2 Bb7 6. O-O O-O 7. d4 c5 8. c4 cxd4 9.
Nxd4 Bxg2 10. Kxg2 Qc7 11. e3 Nc6 12. Nc3 a6 13. Rc1 Rac8 14.
Nd5 Qb7 15. Qf3 Nxd5 16. Nxc6 dxc6 17. Bxg7 Kxg7 18. cxd5 cxd5 19. Rfd1 e6 20. Qf4 Rxc1 21. Rxc1 Rc8 22. Qd4+ Kg8 23.
Rxc8+ Qxc8 24. Qxb6 Qa8 25. Kg1 h5 26. h4 a5 27. a3 Kg7 28. a4 e5 29. Qc7 e4 30. Qc5 Qd8 31. b4 axb4 32. Qxb4 Qc8 33.
Qb2+ Kh7 34. a5 Qa6 35. Qc3 Qe2 36. Qf6 Qe1+ 37. Kg2 Qxa5 38.
Qxf7+ Kh6 39. Qg8 Qc7 40.
Qxd5 Qe7 41. Qg8 Qf6 42.
Qc4 Qf3+ 43. Kg1 Qd1+ 44.
Qf1 Qf3 45. Qb1 Kg7 46.
Qb2+ Kf7 47. Qb3+ Kf6 48.
Qb6+ Kf5 49. Qc5+ Kf6 50. Qf8+ Ke5 51. Qg7+ Kf5 52. Qd4 Ke6 53. Qa1 Qe2 54. Qf1 Qf3 55. Qg2 Qd1+ 56. Kh2 Qd3 57. Qh3+ Kf6 58. Qc8 Qf1 59. Qc6+ Kf5 60. Qd5+ Kf6 61. Qd6+ Kg7 62. Qf4 Kh7 63. Qc7+ Kg8 64. Qc2 Kg7 65. Qc7+ Kg8 66. Qd8+ Kg7 67. Qe7+ Kg8 68. Qf6 Kh7 69. Qf7+ Kh8 0-1

[Event "Blixt-SM 2021"]
[Site "Elite Hotel Marina Plaza, Kungstorget 6, Helsingborg, Sweden"]
[Date "2021.11.14"]
[Round "9.5"]
[White "Abedinov, Adnan"]
[Black "Strom-Engdahl, Alexander"]
[Result "1-0"]
[TimeControl "3 minutes + 2 seconds per move."]
[WhiteFideId "1703544"]
[BlackFideId "1741586"]
[WhiteElo "2170"]
[BlackElo "1783"]

1. e4 e5 2. Nc3 Nc6 3. f4 d6 4. Nf3 Bg4 5. Bb5 Qd7 6. h3 Bxf3 7. Qxf3 Nf6 8. Nd5 Be7 9. Nxe7 Qxe7 10. d3 O-O 11. Bxc6 bxc6 12. O-O Rab8 13. b3 Ne8 14.
f5 f6 15. Be3 a6 16. g4 Rd8 17. a4 d5 18. Rad1 d4 19. Bd2 c5 20. Kh2 Nd6 21. h4 Kh8 22. Rg1 Qf7 23. Rg2 g6 24. fxg6 Qxg6 25. h5 Qg7 26.
Rf1 Rf7 27. Qh3 h6 28. Qh4 Rdf8 29. Qe1 Nb7 30. Qc1 Kh7 31. Kh3 Nd8 32. Qa3 Ne6 33. Rf5 Qg8 34. a5 Rg7 35. Qa4 Ng5+ 36.
Bxg5 Rxg5 37. Qd7+ Rf7 38. Qd5 Rxf5 39. gxf5 Rg7 40. Qxg8+ Rxg8 41. Rg6 Rxg6 42. fxg6+ Kg7 43. Kg4 Kf8 44. Kf5 Ke7 45. g7 1-0

[Event "Blixt-SM 2021"]
[Site "Elite Hotel Marina Plaza, Kungstorget 6, Helsingborg, Sweden"]
[Date "2021.11.14"]
[Round "11.4"]
[White "Nilsson, Patrik"]
[Black "Mauritsson, Sebastian"]
[Result "0-1"]
[TimeControl "3 minutes + 2 seconds per move."]
[BlackTitle "FM"]
[WhiteFideId "1708171"]
[BlackFideId "1707892"]
[WhiteElo "2143"]
[BlackElo "2390"]

1. d4 d5 2. Bf4 Nf6 3. e3 c5 4. c3 Nc6 5. Nd2 Bf5 6. Ngf3 e6 7. Qb3 Qc8 8. c4 cxd4 9. exd4 Bb4 10. Be2 O-O 11. O-O Bxd2 12. Bxd2 dxc4 13. Bxc4 Qc7 14.
Rfe1 h6 15. a4 Rfd8 16. Bc3 Rac8 17. Bf1 Nd5 18. Bd2 Qd7 19. Ne5 Nxe5 20. dxe5 Bc2 21. Qg3 Bg6 22. Red1 Rc2 23. b4 Rdc8 24.
b5 b6 25. Bd3 Bxd3 26. Qxd3 Kh8 27. a5 Qc7 28. Rdc1 Rxc1+ 29. Rxc1 Qxc1+ 0-1

[Event "Blixt-SM 2021"]
[Site "Elite Hotel Marina Plaza, Kungstorget 6, Helsingborg, Sweden"]
[Date "2021.11.14"]
[Round "13.2"]
[White "Kucuksari, Kaan"]
[Black "Olsson, Linus"]
[Result "1-0"]
[TimeControl "3 minutes + 2 seconds per move."]
[WhiteTitle "FM"]
[BlackTitle "FM"]
[WhiteFideId "6380166"]
[BlackFideId "1706098"]
[WhiteElo "2301"]
[BlackElo "2204"]

1. d4 Nf6 2. c4 e5 3. dxe5 Ne4 4. a3 d6 5. exd6 Bxd6 6.
e3 Nc6 7. Nf3 Qe7 8. Nbd2 Bf5 9. Nxe4 Bxe4 10. Bd3 O-O-O 11. Bxe4 Qxe4 12. Qe2 g5 13. h3 h5 14. Rg1 g4 15.
Nd2 Qg6 16. h4 g3 17. f3 Ne5 18. Ne4 Be7 19. Bd2 Nd3+ 20. Kf1 Bxh4 21. Bc3 Rhe8 22. Bd4 Nf2 23. Nxf2 gxf2 24. Rh1 Rxd4 25. g4 Bf6 26. Rxh5 Rdd8 27. Kxf2 Be7 28. Kg2 Bd6 29. Rah1 a6 30.
b4 Kb8 31. c5 Bf8 32. Rd1 Qc6 33. Rf5 f6 34. Rd2 Rxd2 35. Qxd2 Be7 36. Qd5 Qa4 37. Qf7 Qd7 38. Rd5 Qc6 39.
Rd4 Rc8 40. Qxe7 f5 41. Rd8 Rxd8 42. Qxd8+ Ka7 43. gxf5 Qh6 44. Qd4 c6 45. Qf4 Qf6 46. e4 a5 47. e5 Qg7+ 48. Kf2 a4 49. e6 Qb2+ 50.
Kg3 Qxa3 51. e7 Qb2 52. e8=Q a3 53. Qeb8+ Ka6 54. Qc4+ b5 55. Qb6# 1-0

[Event "Blixt-SM 2021"]
[Site "Elite Hotel Marina Plaza, Kungstorget 6, Helsingborg, Sweden"]
[Date "2021.11.14"]
[Round "2.5"]
[White "Neretljak, Nedzad"]
[Black "Nimander, Max"]
[Result "1-0"]
[TimeControl "3 minutes + 2 seconds per move."]
[WhiteFideId "1713132"]
[BlackFideId "1746677"]
[WhiteElo "2148"]
[BlackElo "1917"]

1. e4 d5 2. e5 c5 3. c3 Bf5 4. d4 e6 5. a3 Nc6 6. Nf3 cxd4 7. cxd4 a6 8. Bd3 Bxd3 9. Qxd3 Nge7 10. O-O Ng6 11. Nc3 b5 12.
b4 Be7 13. Ne2 Qb6 14. Ng3 h5 15. Be3 h4 16. Ne2 Rc8 17. Nd2 a5 18. bxa5 Nxa5 19. f4 Nc4 20. f5 Nf8 21. f6 gxf6 22. exf6 Bd6 23. Nf3 Nxe3 24.
Qxe3 Ng6 25. Ng5 Kf8 26. Qd3 Qb8 27. Nxe6+ fxe6 28. Qxg6 Bxh2+ 29. Kh1 Rg8 30.
Qh6+ Kf7 31. Qh7+ Kf8 32. Qe7# 1-0

[Event "Blixt-SM 2021"]
[Site "Elite Hotel Marina Plaza, Kungstorget 6, Helsingborg, Sweden"]
[Date "2021.11.14"]
[Round "4.3"]
[White "Rasti, Arvin"]
[Black "Smith, Axel"]
[Result "1/2-1/2"]
[TimeControl "3 minutes + 2 seconds per move."]
[BlackTitle "GM"]
[WhiteFideId "1741160"]
[BlackFideId "1707930"]
[WhiteElo "2054"]
[BlackElo "2473"]

1. d4 Nf6 2. Nf3 c5 3. d5 b5 4.
g3 g6 5.
Bg2 d6 6. O-O Bg7 7. c4 b4 8. Nbd2 O-O 9.
e4 Nbd7 10. h3 a5 11. Re1 Ne8 12. Rb1 a4 13. Nf1 Ne5 14. b3 Nxf3+ 15. Bxf3 Bxh3 16. Bb2 axb3 17. axb3 Ra2 18. Bxg7
Nxg7 19. Ne3 Bd7 20. Kg2 f5 21. Re2 Rxe2 22. Qxe2 Qe8 23.
exf5 Nxf5 24. Nxf5 Bxf5 25. Re1 Rf7 26. Qe3 Qf8 27.
Re2 Bd7 28. Be4 Bg4 29. Re1 Qg7 30.
f3 Bd7 31. Re2 Qe5 32. Bc2 Qh5 33. g4 Bxg4 34. fxg4 Qxg4+ 35. Kh2 Qh5+ 36. Kg2 Qg4+ 37. Kh2 Qh5+ 38. Kg2 Qg4+ 39. Kh2 1/2-1/2

[Event "Blixt-SM 2021"]
[Site "Elite Hotel Marina Plaza, Kungstorget 6, Helsingborg, Sweden"]
[Date "2021.11.14"]
[Round "6.1"]
[White "Jepson, Christian"]
[Black "Rasti, Arvin"]
[Result "1-0"]
[TimeControl "3 minutes + 2 seconds per move."]
[WhiteTitle "IM"]
[WhiteFideId "1701185"]
[BlackFideId "1741160"]
[WhiteElo "2412"]
[BlackElo "2054"]

1. Nf3 Nf6 2. c4 g6 3. Nc3 Bg7 4. e4 d6 5. d4 O-O 6. Be2 Bg4 7.
Be3 Nfd7 8. Rc1 e5 9.
d5 a5 10. O-O Na6 11. b3 Nac5 12.
Rb1 b6 13. a3 Nf6 14. Nd2 Bd7 15. Re1 Kh8 16. Qc2 Ng8 17. b4 axb4 18. axb4 Na4 19. Nb5 f5 20. f3 Bxb5 21. cxb5 Ra7 22. Ra1 Qa8 23. Ra3 fxe4 24. fxe4 Bh6 25. Bxh6 Nxh6 26. Rea1 Qd8 27. Rxa4 Rxa4 28. Rxa4 Qg5 29. Ra3 Kg7 30. Rf3 Ra8 31. Nf1 Ng4 32.
Qxc7+ Kh6 33. Rh3+ 1-0

[Event "Blixt-SM 2021"]
[Site "Elite Hotel Marina Plaza, Kungstorget 6, Helsingborg, Sweden"]
[Date "2021.11.14"]
[Round "7.8"]
[White "Agovic, Seifo"]
[Black "Nimander, Max"]
[Result "1-0"]
[TimeControl "3 minutes + 2 seconds per move."]
[WhiteFideId "1702360"]
[BlackFideId "1746677"]
[WhiteElo "1910"]
[BlackElo "1917"]

1. e4 d5 2. exd5 Nf6 3. d4 Bg4 4. Be2 Bxe2 5. Nxe2 Qxd5 6. O-O Nc6 7. Nbc3 Qh5 8. Nf4 Qxd1 9. Rxd1 O-O-O 10. d5 Ne5 11. Nb5 a6 12.
Na3 e6 13. Re1 Bxa3 14. bxa3 Ng6 15. Nxg6 hxg6 16. dxe6 Rhe8 17. Bg5 Rxe6 18. Rxe6 fxe6 19. Re1 Rd6 20. f3 Kd7 21. c4 Rd3 22. Rb1 b6 23. a4 Ra3 24. Rd1+ Kc6 25. Rd2 Rxa4 26.
Rc2 Nd7 27. Be7 Nc5 28. Bf8 Nd3 29.
a3 Ra5 30. Rc3 Nc5 31. Bxg7 Na4 32. Re3 Kd7 33. Rd3+ Ke7 34. Ba1 Rc5 35. Rd4 Rf5 36. Kf2 Nc5 37. Bc3 Nb3 38. Rg4 Kf7 39. h4 Rc5 40. Rf4+ Ke7 41. Bg7 Nc1 42. Bf8+ Kd7 43. Bxc5 Nd3+ 44. Ke3 Nxc5 45. Rf6 b5 46. cxb5 axb5 47. Rxg6 Ke7 48. Rg7+ Kf6 49. Rxc7 Na4 50. Rb7 Nc3 51. Kd3 Nd5 52. Rxb5 Nf4+ 53. Ke4 Nxg2 54. h5 Nh4 55. a4 Nf5 56. Rxf5+ exf5+ 57. Kf4 1-0

[Event "Blixt-SM 2021"]
[Site "Elite Hotel Marina Plaza, Kungstorget 6, Helsingborg, Sweden"]
[Date "2021.11.14"]
[Round "9.6"]
[White "Wellevit, Tomas"]
[Black "Rosell, Tomas"]
[Result "1-0"]
[TimeControl "3 minutes + 2 seconds per move."]
[WhiteFideId "1731963"]
[BlackFideId "1707132"]
[WhiteElo "2113"]
[BlackElo "2070"]

1. e4 c5 2. Nf3 d6 3.
d4 cxd4 4. Nxd4 Nf6 5. Nc3 g6 6. Bg5 Bg7 7. Qd2 Nc6 8. Nb3 O-O 9. Bh6 Be6 10. Bxg7 Kxg7 11.
h4 Ne5 12. O-O-O a5 13. h5 Nxh5 14.
Be2 Nf6 15. Qh6+ Kg8 16. f4 Neg4 17.
Bxg4 Bxg4 18. e5 Nh5 19. Rd3 a4 20. Nd4 a3 21. b3 Rc8 22. Ne4 f6 23. exf6 exf6 24. f5 Rf7 25. fxg6 hxg6 26. Qxg6+ Rg7 27. Qh6 Qe7 28. Ng3 Qe5 29. Nxh5 Bxh5 30. Rxh5 Qe1+ 31. Rd1 Qc3 32. Qxf6 Qb2+ 33. Kd2 Rxg2+ 34. Ke1 Qc3+ 35. Kf1 Rf8 36. Rh8# 1-0

[Event "Blixt-SM 2021"]
[Site "Elite Hotel Marina Plaza, Kungstorget 6, Helsingborg, Sweden"]
[Date "2021.11.14"]
[Round "11.5"]
[White "Tornberg, Carlos"]
[Black "Terochin, Piotr"]
[Result "1-0"]
[TimeControl "3 minutes + 2 seconds per move."]
[WhiteFideId "1733478"]
[BlackFideId "1113682"]
[WhiteElo "2053"]
[BlackElo "1779"]

1. e4 c5 2. c3 Nf6 3. e5 Nd5 4. d4 cxd4 5. Nf3 d6 6. cxd4 Nc6 7. Bc4 Nb6 8. Bb5 Bd7 9. exd6 exd6 10. O-O Be7 11. Nc3 O-O 12. a3 a6 13. Bd3 Bf6 14. Bc2 Rc8 15. Bf4 Bg4 16. Qd3 g6 17. d5 Bxf3 18. dxc6 Bxc6 19.
Bxd6 Re8 20. Rad1 Bg7 21. Qg3 Qf6 22. Bc5 Nc4 23. Bd4 Qe7 24. Bxg7 Kxg7 25. Rb1 Qf6 26. Rfd1 Rcd8 27. Rxd8 Rxd8 28. h3 Rd2 29. Ne4 Bxe4 30. Bxe4 b5 31. b4 Nxa3 32. Qxa3 Qd4 33. Qe3 Qd6 34. Bf3 Rd4 35. Qc3 Rc4 1-0

[Event "Blixt-SM 2021"]
[Site "Elite Hotel Marina Plaza, Kungstorget 6, Helsingborg, Sweden"]
[Date "2021.11.14"]
[Round "13.3"]
[White "Storme, Isak"]
[Black "Wellevit, Tomas"]
[Result "1-0"]
[TimeControl "3 minutes + 2 seconds per move."]
[WhiteTitle "FM"]
[WhiteFideId "1728113"]
[BlackFideId "1731963"]
[WhiteElo "2037"]
[BlackElo "2113"]

1. d4 d5 2. Bf4 Nf6 3. e3 e6 4.
Nf3 Bd6 5. Bd3 Bxf4 6. exf4 Qd6 7. Qd2 O-O 8. O-O c5 9. dxc5 Qxc5 10. c3 Nc6 11. Na3 a5 12. Nc2 b6 13. Ncd4 Ba6 14. Rfe1 Bxd3 15. Qxd3 Ne4 16.
Rad1 a4 17. a3 Na5 18. f5 exf5 19. Re2 g6 20. Qe3 Nc4 21. Qh6 Rfe8 22. Rxe4 dxe4 23. Ng5 Qc7 24. Qxh7+ Kf8 25. Nde6+ Rxe6 26. Nxe6+ fxe6 27. Qxc7 Nxb2 28. Rd7 1-0

[Event "Blixt-SM 2021"]
[Site "Elite Hotel Marina Plaza, Kungstorget 6, Helsingborg, Sweden"]
[Date "2021.11.14"]
[Round "2.6"]
[White "Khalat, Havras"]
[Black "Nilsson, Patrik"]
[Result "0-1"]
[TimeControl "3 minutes + 2 seconds per move."]
[WhiteFideId "1725017"]
[BlackFideId "1708171"]
[WhiteElo "1793"]
[BlackElo "2143"]

1. d4 f5 2. Nf3 Nf6 3.
g3 g6 4. Bg2 Bg7 5. O-O d6 6. c4 O-O 7. Nc3 Qe8 8.
Re1 Qf7 9. e4 fxe4 10. Nxe4 h6 11.
Nxf6+ Qxf6 12. Be3 Bg4 13. Qb3 Bxf3 14. Bxf3 Qxf3 15. d5 b6 16. Qc2 Qf5 17. Qd2 Nd7 18. Bxh6 Ne5 19. Bxg7 Nf3+ 0-1

[Event "Blixt-SM 2021"]
[Site "Elite Hotel Marina Plaza, Kungstorget 6, Helsingborg, Sweden"]
[Date "2021.11.14"]
[Round "4.4"]
[White "Storme, Isak"]
[Black "Kucuksari, Kaan"]
[Result "1-0"]
[TimeControl "3 minutes + 2 seconds per move."]
[WhiteTitle "FM"]
[BlackTitle "FM"]
[WhiteFideId "1728113"]
[BlackFideId "6380166"]
[WhiteElo "2037"]
[BlackElo "2301"]

1. d4 Nf6 2. Bf4 g6 3. Nc3 d5 4. Nf3 Bg7 5. Nb5 Na6 6. e3 O-O 7. Be2 c6 8. Nc3 Nc7 9. O-O Bf5 10.
h3 Ne4 11. Nxe4 Bxe4 12. c4 Bxf3 13. Bxf3 dxc4 14. Rc1 Nd5 15. Bh2 b5 16. b3 c3 17. Bxd5 cxd5 18. Rxc3 Qa5 19. Qc2 Qb4 20. Rc1 Rfd8 21. Qb2 e6 22. Rc5 Bf8 23. a3 Qa5 24. Bc7 Qa6 25. Bxd8 Bxc5 26. Rxc5 Rxd8 27. b4 Qa4 28. g3 Qd1+ 29. Kg2 a6 30. Qc3 Rf8 31. h4 Qg4 32. Rc6 Qe4+ 33. Kg1 Qb1+ 34. Qc1 Qxc1+ 35. Rxc1 Ra8 36. Rc7 Kg7 37. Kg2 h5 38. Kf3 Kf6 39. Kf4 a5 40. Rb7 axb4 41. axb4 Ra2 42. Kf3 e5 43.
dxe5+ Kxe5 44. Rxb5 f6 45.
Rb8 g5 46. hxg5 fxg5 47. Rh8 Rb2 48. Rxh5 Kf5 49. Rh6 g4+ 50. Kg2 Rxb4 51. Rh8 d4 52.
Rf8+ Ke5 53. Rf4 Rc4 54. Rxg4 Rc2 55. Rxd4 Kf5 56. Rf4+ Kg5 57. g4 Rc7 58. Kg3 Rc1 59. Rf5+ Kg6 60. Kf4 Rc4+ 61. e4 Rc2 62. f3 Rc6 63. Rg5+ Kf6 64. e5+ Kf7 65. Kf5 Rh6 66. f4 Ra6 67. Rh5 Kg8 68. Rh1 Kf7 69. Rb1 Ra7 70.
Rb6 Kg7 71. g5 Rf7+ 72. Rf6 Re7 73. e6 Re8 74. Rf7+ Kg8 75. Kf6 Ra8 76. Rd7 Rf8+ 77. Ke5 Ra8 78. f5 Kf8 79. f6 Ra5+ 80. Kf4 Rb5 81. Rd8# 1-0

[Event "Blixt-SM 2021"]
[Site "Elite Hotel Marina Plaza, Kungstorget 6, Helsingborg, Sweden"]
[Date "2021.11.14"]
[Round "6.2"]
[White "Frisk, Ellinor"]
[Black "Smith, Axel"]
[Result "0-1"]
[TimeControl "3 minutes + 2 seconds per move."]
[WhiteTitle "WIM"]
[BlackTitle "GM"]
[WhiteFideId "1708481"]
[BlackFideId "1707930"]
[WhiteElo "2142"]
[BlackElo "2473"]

1. Nf3 c5 2. c4 Nc6 3. d4 cxd4 4. Nxd4 g6 5. g3 Bg7 6.
Nc2 d6 7. Bg2 Be6 8. Nba3 Qd7 9. O-O Bh3 10. Ne3 h5 11. Bxh3 Qxh3 12. Qd5 h4 13. Qg2 Qxg2+ 14. Kxg2 h3+ 15. Kg1 Nd4 16. Re1 Nf6 17.
Rb1 O-O 18. Bd2 Ne4 19. Rbd1 Rfc8 20.
b3 Nc6 21. Nac2 Nxd2 22. Rxd2 Bc3 23. Red1 Bxd2 24. Rxd2 Kg7 25. Nd5 g5 26. f3 e6 27. Nc3 Ne5 28. Rxd6 Rd8 29. Ne4 Rxd6 30. Nxd6 b6 31. Kf2 f5 32. f4 Ng4+ 33. Kg1 Rd8 0-1

[Event "Blixt-SM 2021"]
[Site "Elite Hotel Marina Plaza, Kungstorget 6, Helsingborg, Sweden"]
[Date "2021.11.14"]
[Round "7.9"]
[White "Khalat, Havras"]
[Black "Mauritsson, Sebastian"]
[Result "1-0"]
[TimeControl "3 minutes + 2 seconds per move."]
[BlackTitle "FM"]
[WhiteFideId "1725017"]
[BlackFideId "1707892"]
[WhiteElo "1793"]
[BlackElo "2390"]

1. d4 d5 2. Nf3 Nf6 3. e3 c6 4. c4 Bg4 5. cxd5 Bxf3 6. Qxf3 cxd5 7. Bd3 Nc6 8. O-O e6 9. Nc3 Bd6 10. a3 O-O 11.
b4 Rc8 12. Bb2 Bb8 13. Rac1 Qd6 14. g3 g6 15. Qxf6 Ne7 16. Nb5 Qd7 17. Rxc8 Nxc8 18. Rc1 a6 19. Nc3 Nd6 20. Ne2 Nf5 21. Bxf5 gxf5 22. Nf4 Bxf4 23.
gxf4 Rc8 24. Rf1 Rc2 25. Ba1 Qb5 26. Qg5+ Kh8 27. Qf6+ Kg8 28. Kg2 Qe2 29. Qd8+ Kg7 30. Qg5+ Kh8 31. Qf6+ Kg8 32. Qg5+ Kh8 33. Qh4 Qxe3 34. Qg3 Qxg3+ 35. hxg3 Ra2 36. Rc1 Rxa3 37.
Bb2 Rb3 38. Rc8+ Kg7 39. Bc1 Rxb4 40.
Ba3 Rb3 41. Bf8+ Kg6 42. Bd6 a5 43. Be5 a4 44. Rg8+ Kh6 45. Bg7+ Kh5 46. Bf6 h6 47. f3 a3 48. g4+ fxg4 49. fxg4# 1-0

[Event "Blixt-SM 2021"]
[Site "Elite Hotel Marina Plaza, Kungstorget 6, Helsingborg, Sweden"]
[Date "2021.11.14"]
[Round "9.7"]
[White "Tornberg, Carlos"]
[Black "Troedsson, Anton"]
[Result "1-0"]
[TimeControl "3 minutes + 2 seconds per move."]
[WhiteFideId "1733478"]
[BlackFideId "1746006"]
[WhiteElo "2053"]
[BlackElo "2104"]

1. e4 c6 2. d4 d5 3. Nd2 dxe4 4. Nxe4 Nf6 5. Nxf6+ exf6 6. g3 Bd6 7. Bg2 O-O 8. Ne2 Re8 9. O-O Bg4 10. Be3 Nd7 11. Qd3 Qa5 12. c3 Bf5 13. Qd2 Rad8 14. Nf4 Nb6 15. b4 Qa6 16.
Rfe1 Nc4 17. Qc1 Qb6 18. Bd2 Qc7 19. Ne2 Bg4 20. Bf1 h6 21. Bf4 g5 22. Bxd6 Qxd6 23. Nf4 Nb6 24. Ng2 Bf5 25.
Ne3 Be4 26. Bg2 f5 27. a4 Qf6 28. a5 Nc8 29. Nc4 Bxg2 30. Kxg2 Nd6 31. Ne5 Ne4 32. a6 b5 33. Qc2 g4 34. Rad1 Kg7 35. Nd3 Ng5 36.
Nf4 Nf3 37. Nh5+ Kg6 38. Nxf6 Rxe1 39. Nxg4 1-0

[Event "Blixt-SM 2021"]
[Site "Elite Hotel Marina Plaza, Kungstorget 6, Helsingborg, Sweden"]
[Date "2021.11.14"]
[Round "11.6"]
[White "Rajcevski, Dejan"]
[Black "Abedinov, Adnan"]
[Result "1-0"]
[TimeControl "3 minutes + 2 seconds per move."]
[WhiteFideId "1759027"]
[BlackFideId "1703544"]
[WhiteElo "1977"]
[BlackElo "2170"]

1. d4 g6 2. Nf3 Bg7 3. Bf4 f5 4. e3 Nh6 5. h3 Nf7 6. Bc4 e6 7. c3 O-O 8. Nbd2 d6 9. a4 Kh8 10.
Bg3 Qe7 11. O-O e5 12. dxe5 dxe5 13. Qb3 Nd6 14. Be2 g5 15. Rfe1 e4 16. Nd4 f4 17. Bh2 a6 18. Bg4 c5 19.
Ne2 Bxg4 20. hxg4 fxe3 21. fxe3 Nc6 22. Bxd6 Qxd6 23. Nxe4 Qe7 24. N2g3 Ne5 25. Nf5 Nxg4 26. Nxe7 1-0

[Event "Blixt-SM 2021"]
[Site "Elite Hotel Marina Plaza, Kungstorget 6, Helsingborg, Sweden"]
[Date "2021.11.14"]
[Round "13.4"]
[White "Jepson, Christian"]
[Black "Terochin, Piotr"]
[Result "1-0"]
[TimeControl "3 minutes + 2 seconds per move."]
[WhiteTitle "IM"]
[WhiteFideId "1701185"]
[BlackFideId "1113682"]
[WhiteElo "2412"]
[BlackElo "1779"]

1. Nf3 c5 2. c4 Nf6 3. Nc3 g6 4. d4 cxd4 5. Nxd4 Nc6 6.
e4 Bg7 7. Be3 d6 8. Be2 O-O 9.
O-O a6 10. Qd2 Qc7 11. Rac1 Nxd4 12. Bxd4 e5 13. Be3 Be6 14. b3 Qa5 15. Qxd6 Rac8 16. Bb6 Ne8 17. Qxf8+ Bxf8 18. Bxa5 Rc6 19. Nd5 Nd6 20. Rcd1 Nxe4 21.
Bf3 Ng5 22. Nf6+ Kg7 23. Ne8+ Kg8 24. Bxc6 bxc6 25. Bc3 Bc5 26. Bxe5 Kf8 27. Bd6+ Bxd6 28. Nxd6 Ke7 29. Rfe1 h5 30. Ne4 Nh7 31. Nc5 Nf6 32. f3 h4 33. Kf2 h3 34. g4 g5 35. b4 1-0

[Event "Blixt-SM 2021"]
[Site "Elite Hotel Marina Plaza, Kungstorget 6, Helsingborg, Sweden"]
[Date "2021.11.14"]
[Round "2.7"]
[White "Frisk, Ellinor"]
[Black "Agovic, Seifo"]
[Result "1-0"]
[TimeControl "3 minutes + 2 seconds per move."]
[WhiteTitle "WIM"]
[WhiteFideId "1708481"]
[BlackFideId "1702360"]
[WhiteElo "2142"]
[BlackElo "1910"]

1. Nf3 Nf6 2. c4 e6 3. g3 b6 4. Bg2 Bb7 5. O-O d5 6. cxd5 exd5 7. d4 Nbd7 8. Nc3 Be7 9. Ne5 a6 10.
Qb3 c6 11. Bf4 O-O 12. Rac1 Rc8 13. Rfd1 Nh5 14. Nxd7 Qxd7 15. Qxb6 Nxf4 16. gxf4 Rb8 17. Na4 Bd8 18. Qb3 Bc7 19. Nc5 Qc8 20. e3 Ba8 21. Qa3 Bd6 22. Qxa6 Qxa6 23. Nxa6 Rxb2 24. a4 Bb7 25. Nc5 Bxc5 26.
Rxc5 Ra8 27. Ra1 f5 28. a5 Ra6 29.
Bf1 Ra7 30. a6 Ba8 31. Bd3 g6 32. Kg2 Kf7 33. Kf3 Ke6 34.
Rca5 Rb6 35. h4 Rb3 36.
Be2 Rb2 37. R5a2 Rxa2 38. Rxa2
Kd6 39. Ra1 Rc7 40. Rh1 c5 41. dxc5+ Rxc5 42. Kg3 d4 43. Rd1 Ra5 44. Rxd4+ Ke7 45. Rb4 Ra2 46. Bc4 Ra1 47. f3 Rg1+ 48. Kf2 Rc1 49. Be2 Ra1 50. Rb6 Bd5 51. Bb5 Ra2+ 52. Kg3 Ra1 53. Bc6 Bxc6 54. Rxc6 Kd7 55. Rb6 Ke7 56. Rb7+ Kf6 57. a7 Ra6 58. Rxh7 Ra5 59.
h5 gxh5 60. Kh4 Ra1 61. Kg3 Rg1+ 62. Kf2 Ra1 63. e4 Ra2+ 64. Ke3 Ra3+ 65. Kd4 Ra4+ 66. Kc5 fxe4 67. fxe4 h4 68. Kd5 Ra5+ 69. Kc6 h3 70. Kb7 Rb5+ 71. Ka6 Rb1 72. a8=Q Ra1+ 73. Kb7 Rxa8 74. Kxa8 Ke6 1-0

[Event "Blixt-SM 2021"]
[Site "Elite Hotel Marina Plaza, Kungstorget 6, Helsingborg, Sweden"]
[Date "2021.11.14"]
[Round "4.5"]
[White "Makinen, Janne"]
[Black "Abedinov, Adnan"]
[Result "0-1"]
[TimeControl "3 minutes + 2 seconds per move."]
[WhiteFideId "1704036"]
[BlackFideId "1703544"]
[WhiteElo "2004"]
[BlackElo "2170"]

1. d4 g6 2. c4 Bg7 3. e4 c5 4. d5 d6 5. Nf3 Nf6 6. Nc3 O-O 7. Be2 e6 8. O-O exd5 9. exd5 Na6 10. Bf4 Nh5 11. Be3 h6 12.
Qd2 Kh7 13. h3 f5 14. Qc2 f4 15. Bd2 Bf5 16. Qc1 g5 17. Nh2 Nf6 18. Ng4 Nb4 19. a3 Nd3 20. Nxf6+ Qxf6 21. Bxd3 Bxd3 22. Re1 Rae8 23. Nb5 Qxb2 24.
Qxb2 Bxb2 25. Rxe8 Rxe8 26. Re1 Rxe1+ 27. Bxe1 Be5 28. Nxa7 Bxc4 29. Nc8 Bxd5 30. Nb6 Be6 31. Kf1 Kg6 32. Ke2 Kf7 33. Kd3 Ke7 34. Ke4 Bd4 35. h4 Bb2 36. a4 Kf6 37. hxg5+ hxg5 38. g3 Be5 39. gxf4 Bxf4 40.
a5 Ke7 41. Nd5+ Bxd5+ 42. Kxd5 Kd7 43. Bc3 Kc7 44. Bf6 Kd7 45. f3 Bd2 46. Kc4 Kc6 47.
Be7 d5+ 48. Kd3 Bxa5 49. Bxg5 Bc7 50. f4 b5 51. f5 Be5 52. f6 c4+ 53. Kc2 Kd7 54. Bh4 Ke6 55.
Kd2 Bxf6 56. Bf2 d4 57.
Bg3 Kd5 58. Bc7 b4 59. Ba5 b3 60. Bb4 Bg5+ 61. Kd1 c3 62.
Ke2 Kc4 63. Bf8 d3+ 64. Kd1 c2+ 65. Ke1 c1=Q+ 0-1

[Event "Blixt-SM 2021"]
[Site "Elite Hotel Marina Plaza, Kungstorget 6, Helsingborg, Sweden"]
[Date "2021.11.14"]
[Round "6.3"]
[White "Olsson, Linus"]
[Black "Svensson, Mikael"]
[Result "1/2-1/2"]
[TimeControl "3 minutes + 2 seconds per move."]
[WhiteTitle "FM"]
[WhiteFideId "1706098"]
[BlackFideId "1716433"]
[WhiteElo "2204"]
[BlackElo "2073"]

1. e4 e6 2. d4 d5 3. exd5 exd5 4. Nf3 Bg4 5. Bd3 Nc6 6. c3 Bd6 7. O-O Nge7 8. Nbd2 Qd7 9. b4 O-O 10.
Re1 Rfe8 11. Nf1 Bf5 12. Ne3 Bxd3 13. Qxd3 Ng6 14. g3 f6 15. Bd2 Nce7 16. c4 dxc4 17. Qxc4+ Kh8 18. Re2 Nf5 19.
Rae1 Nxe3 20. Rxe3 Rxe3 21. Rxe3 Re8 22. a3 Rxe3 23. Bxe3 Qf5 24. Kg2 Qe4 25. Qe2 h5 26. h4 Ne7 27. Kg1 Nd5 28. Nd2 Qg4 29. Qxg4 hxg4 30. Ne4 f5 31. Nxd6 cxd6 32. Bd2 Kg8 33. Kf1 Kf7 34. Ke2 Nb6 35. Kd3 d5 36. Bf4 Ke6 37. Bc1 Nc4 38. Kc3 b5 39. Kd3 Nd6 40. Bd2 Ne4 41. Be3 Nd6 42. Bd2 a6 43. Be3 Nc4 44. Bc1 Nd6 1/2-1/2

[Event "Blixt-SM 2021"]
[Site "Elite Hotel Marina Plaza, Kungstorget 6, Helsingborg, Sweden"]
[Date "2021.11.14"]
[Round "8.1"]
[White "Olsson, Linus"]
[Black "Jepson, Christian"]
[Result "1/2-1/2"]
[TimeControl "3 minutes + 2 seconds per move."]
[WhiteTitle "FM"]
[BlackTitle "IM"]
[WhiteFideId "1706098"]
[BlackFideId "1701185"]
[WhiteElo "2204"]
[BlackElo "2412"]

1. d4 d5 2. c4 e6 3. Nf3 Nf6 4. g3 dxc4 5. Bg2 a6 6. O-O Nc6 7. a4 Rb8 8. e3 Bd7 9. Qe2 b5 10.
Rd1 Be7 11. e4 Nb4 12. Nc3 O-O 13. Ne5 Qc8 14. Nxd7 Nxd7 15. axb5 axb5 16. Ra7 Nd3 17. e5 c5 18. Be3 Rd8 19.
f4 cxd4 20. Bxd4 Bc5 21. Qe3 Bxa7 22.
Bxa7 Rb7 23. Ne4 N7c5 24. Bxc5 Nxc5 25. Rxd8+ Qxd8 26. Qxc5 Rc7 27. Qe3 b4 28. Nd6 c3 29. bxc3 bxc3 30. Be4 c2 31. Qc1 Qd7 32. Bxc2 Qc6 33. Bxh7+ Kxh7 34. Qxc6 Rxc6 35. Nxf7 Kg8 36. Ng5 Rb6 37. Kg2 Ra6 38. Kh3 g6 39. Kg4 Kg7 40. h4 Rb6 41. Ne4 Rb3 42. Nc5 Rb6 43. Nd7 Rc6 44. Nf6 Ra6 1/2-1/2